 Dungeon Crawl Stone Soup version 0.21-a0-221-gfe971b9 (webtiles) character file.

744 Goblin1989 the Insei (level 7, -2/54 HPs)
             Began as a Demonspawn Assassin on Aug 24, 2017.
             Was an Initiate of Okawaru.
             Slain by a phantom (4 damage)
             ... on level 5 of the Dungeon.
             The game lasted 00:12:04 (5927 turns).

Goblin1989 the Insei (Demonspawn Assassin)          Turns: 5927, Time: 00:12:04

Health: -2/54      AC:  7    Str:  9 (11) XL:     7   Next: 47%
Magic:  0/7        EV:  4    Int: 12 (13) God:    Okawaru [......]
Gold:   198        SH: 11    Dex: 10 (12) Spells: 6/6 levels left

rFire    . . .     SeeInvis .     - Unarmed
rCold    . . .     Gourm    .   V - +0 large shield
rNeg     . . .     Faith    .   O - +0 scale mail
rPois    .         Spirit   +   (no helmet)
rElec    .         Reflect  .   d - +0 cloak
rCorr    .         Harm     .   (no gloves)
MR       .....     Clarity  +   (no boots)
Stlth    +.........             (no amulet)
HPRegen  0.18/turn              (no ring)
MPRegen  0.10/turn              (no ring)

@: flying, very slightly contaminated, hasted, invisible, very quick
A: claws 2, clarity, clumsy 1, sense surroundings 1, weak 1, magic shield, no
potion heal 1, MP-powered wands
a: Renounce Religion


You were on level 5 of the Dungeon.
You worshipped Okawaru.
Okawaru was noncommittal.
You were not hungry.

You visited 2 branches of the dungeon, and saw 6 of its levels.

You collected 198 gold pieces.

Inventory:

Hand Weapons
 w - a +0 blowgun {@w1}
Missiles
 f - 2 curare-tipped needles
 g - 24 poisoned needles
 z - 51 stones (quivered)
 A - 20 bolts
 B - 41 arrows
 R - 49 sling bullets
Armour
 d - a +0 cloak (worn)
 O - a +0 scale mail (worn)
 V - a +0 large shield (worn)
Scrolls
 y - 7 scrolls of identify {unknown}
 H - 3 scrolls of remove curse {unknown}
 J - a scroll of amnesia {unknown}
 L - 2 scrolls of teleportation {unknown}
 P - a scroll of immolation {unknown}
 S - a scroll of magic mapping {unknown}
 U - a scroll of blinking {unknown}
 Y - a scroll of fog {unknown}
Potions
 v - a potion of might
 G - 2 potions of degeneration
 X - 3 potions of curing {@q1}
Comestibles
 e - 5 bread rations {@e1}
 C - a fruit
 I - 8 meat rations {@e2}
 N - 2 royal jellies
 Z - 3 chunks of flesh


   Skills:
 + Level 4.1 Fighting
   Level 1.7 Short Blades
 - Level 1.7 Throwing
 + Level 2.5 Armour
 - Level 2.0 Dodging
 - Level 3.6 Stealth
 * Level 2.3 Shields
 * Level 4.9 Unarmed Combat


You had 6 spell levels left.
You didn't know any spells.

Dungeon Overview and Level Annotations

Branches:
Dungeon (5/15)             Temple (1/1) D:4

Altars:
Ashenzari
Cheibriados
Dithmenos
Elyvilon
Fedhas
Hepliaklqana
Kikubaaqudgha
Makhleb
Nemelex Xobeh
Okawaru
Qazlal
Ru
Sif Muna
Trog
Uskayaw
Vehumet
Xom
Yredelemnul
Zin
The Shining One


Innate Abilities, Weirdness & Mutations

You have very sharp fingernails.
When hurt, damage is shared between your health and your magic reserves.
You possess an exceptional clarity of mind.
You are clumsy. (Dex -2)
You passively map a small area around you.
You are weak. (Str -2)
Potions are less effective at restoring your health.
You expend magic power (3 MP) to strengthen your wands.


Message History

You struggle to resist.
You closely miss the phantom.
The phantom is moderately damaged.
The phantom completely misses you.
Menkaure gestures wildly while chanting.
Menkaure seems to speed up.
You claw the phantom!
The phantom is severely damaged.
The phantom barely misses you. Menkaure barely misses you.
You scratch the phantom.
The phantom is severely damaged.
You block Menkaure's attack. The phantom hits you.
The phantom blinks!
Menkaure hits you!
You are too injured to fight recklessly!
You take 11 damage, and have 28/53 hp.
MASSIVE DAMAGE!!
You now have 4/7 mp.
You are too injured to fight recklessly!
You are too injured to fight recklessly!
You are too injured to fight recklessly!
You are too injured to fight recklessly!
You are too injured to fight recklessly!
You are too injured to fight recklessly!
You are too injured to fight recklessly!
You are too injured to fight recklessly!
You are too injured to fight recklessly!
You are too injured to fight recklessly!
You are too injured to fight recklessly!
You closely miss Menkaure. Menkaure hits you!!
* * * LOW HITPOINT WARNING * * *
You take 17 damage, and have 11/53 hp.
MASSIVE DAMAGE!!
You now have 1/7 mp.
Unknown command.
It was a potion of haste.
You feel yourself speed up.
Menkaure points at you and mumbles some strange words.
Pain shoots through your body!
* * * LOW HITPOINT WARNING * * *
You take 10 damage, and have 1/53 hp.
It was a potion of degeneration.
There was something very wrong with that liquid.
You feel weakened.
You feel dopey.
You feel clumsy. You block Menkaure's attack.
The phantom blinks!
It was a potion of curing.
Your system partially rejects the healing.
You feel better.
Menkaure calls on the powers of darkness!
Your body is wracked with pain!
* * * LOW HITPOINT WARNING * * *
You regained 2 hp, and now have 4/53 hp.
It was a potion of flight.
You feel very buoyant.
You fly up into the air.
You block Menkaure's attack.
It was a potion of invisibility.
You fade into invisibility!
You block Menkaure's attack.
You are very lightly contaminated with residual magic.
Unknown command.
Your shield and scale mail prevent you from hitting Menkaure.
You block Menkaure's attack.
You scratch Menkaure.
Menkaure is lightly damaged.
You claw Menkaure!
Menkaure is heavily damaged.
Menkaure blazes with dark energy!
You block Menkaure's attack.
You scratch Menkaure.
Menkaure is heavily damaged.
You block Menkaure's attack.
Your shield and scale mail prevent you from hitting Menkaure.
Menkaure is heavily damaged.
Menkaure hits you.
* * * LOW HITPOINT WARNING * * *
You take 2 damage, and have 2/53 hp.
You now have 1/7 mp.
Unknown command.
Your shield and scale mail prevent you from hitting Menkaure.
Menkaure is heavily damaged.
Menkaure calls on the powers of darkness!
You feel a surge of unholy energy.
Your shield prevents you from hitting Menkaure.
Menkaure is heavily damaged.
You block the phantom's attack. You block Menkaure's attack.
Unknown command.
You scratch Menkaure.
Menkaure is severely damaged.
Unknown command.
You closely miss Menkaure.
Menkaure is severely damaged.
You block Menkaure's attack. The phantom hits you.
* * * LOW HITPOINT WARNING * * *
The phantom blinks!
You take 1 damage, and have 2/53 hp.
You now have 0/7 mp.
Unknown command.
You claw Menkaure!
You destroy Menkaure!
Okawaru accepts your kill.
You feel your dexterity returning.
Your Fighting skill increases to level 4!
Your Shields skill increases to level 2!
Unknown command.
Your shield prevents you from hitting the phantom.
The phantom is severely damaged.
The phantom hits you.
You die...

..█..............██
▓▓
█▓██.............█
█.▓▓
███..........██
█.██ ███........█
·....███
██..███████
·.......███...███ ▓
.......█.......██
................█
.......@W...██...█▓
.....$....███▓█...█
· .........██ █...
· ......)..█ █..· ▓
.........█ ██
.........█ · ▓
.........█ ·
.........█ ··
█........█ ·


You could see a phantom.

Vanquished Creatures
  Menkaure (D:5)
  A sky beast (D:5)
  A big kobold (D:3)
  A crimson imp (D:5)
  A hound (D:5)
  A centaur skeleton (D:3)
  An orc priest (D:4)
  3 orc wizards
  An iguana (D:4)
  2 hound skeletons
  A worker ant zombie (D:3)
  8 adders
  2 oozes (D:4)
  An adder skeleton (D:3)
  A dart slug (D:1)
  3 worms
  4 leopard geckos
  5 orcs
  3 giant cockroaches
  14 goblins
  7 hobgoblins
  6 jackals
  3 quokkas
  A ball python (D:3)
  7 bats
  12 frilled lizards
  9 kobolds
  2 quokka skeletons
  A quokka zombie (D:3)
  9 rats
112 creatures vanquished.

Notes
Turn   | Place    | Note
-------+----------+-------------------------------------------
     0 | D:1      | Goblin1989 the Demonspawn Assassin began the quest for the Orb.
     0 | D:1      | Reached XP level 1. HP: 16/16 MP: 1/1
   267 | D:1      | Gained mutation: You have sharp fingernails. [demonic ancestry]
   267 | D:1      | Reached XP level 2. HP: 23/23 MP: 2/2
   633 | D:1      | Reached skill level 1 in Unarmed Combat
  1293 | D:1      | Gained mutation: When hurt, damage is shared between your health and your magic reserves. [demonic ancestry]
  1293 | D:1      | Reached XP level 3. HP: 28/28 MP: 3/3
  2426 | D:2      | Found a faded altar of an unknown god.
  2701 | D:2      | Reached XP level 4. HP: 34/34 MP: 4/4
  3382 | D:3      | Noticed a big kobold
  3411 | D:3      | Killed a big kobold
  3411 | D:3      | Reached skill level 1 in Armour
  3411 | D:3      | Gained mutation: You have very sharp fingernails. [demonic ancestry]
  3411 | D:3      | Reached XP level 5. HP: 23/41 MP: 2/5
  3420 | D:3      | Reached skill level 1 in Dodging
  3890 | D:3      | Reached XP level 6. HP: 47/47 MP: 6/6
  4553 | D:4      | Found a staircase to the Ecumenical Temple.
  4568 | Temple   | Entered the Ecumenical Temple
  4738 | Temple   | Became a worshipper of Warmaster Okawaru
  4887 | D:4      | Found a shimmering altar of Xom.
  4887 | D:4      | Found a blossoming altar of Fedhas.
  4894 | D:4      | Reached skill level 1 in Shields
  5605 | D:5      | Entered Level 5 of the Dungeon
  5605 | D:5      | Noticed Menkaure
  5730 | D:5      | Reached XP level 7. HP: 40/53 MP: 4/7
  5845 | D:5      | Gained mutation: You are clumsy. (Dex -2) [mutagenic meat]
  5846 | D:5      | Gained mutation: Potions are less effective at restoring your health. [mutagenic meat]
  5847 | D:5      | Gained mutation: You expend magic power (3 MP) to strengthen your wands. [mutagenic meat]
  5848 | D:5      | Gained mutation: You passively map a small area around you. [mutagenic meat]
  5849 | D:5      | Gained mutation: You are weak. (Str -2) [mutagenic meat]
  5850 | D:5      | Gained mutation: You possess an exceptional clarity of mind. [mutagenic meat]
  5912 | D:5      | HP: 1/53 [Menkaure/nerve-wracking pain (10)]
  5921 | D:5      | HP: 2/53 [Menkaure (2)]
  5926 | D:5      | Killed Menkaure
  5927 | D:5      | Slain by a phantom

Vault maps used:
D:1:      dpeg_arrival_renting, st_stairs_7, minmay_bisected
D:2:      chequers_ecumenical_altar_island
D:3:      serial_undead, serial_undead_d, serial_undead_e, serial_undead_b,
          serial_undead_f, serial_undead_e, serial_undead_c
D:4:      chequers_temple_overflow_statue_of_worship,
          minmay_temple_entry_statues, first_bread
D:5:      nicolae_gozag_seed_capital, uniq_menkaure
Temple:   dpeg_five_rooms_temple

Skill      XL: |  1  2  3  4  5  6  7 |
---------------+----------------------+-----
Unarmed Combat | 1 2 3 4 |  4.9
Fighting       | 3 4 |  4.1
Armour         | 1 2 |  2.5
Dodging        | 1 2 |  2.0
Shields        | 1 2 |  2.3
Short Blades   | |  1.7
Throwing       | |  1.7
Stealth        | |  3.6

Action                   |  1- 3 |  4- 6 |  7- 9 || total
-------------------------+-------+-------+-------++-------
Melee: Dagger            |   170 |    39 |       ||   209
       Punch             |     2 |     2 |       ||     4
       Unarmed           |       |   228 |    32 ||   260
  Use: Potion            |       |     1 |     5 ||     6
 Stab: Sleeping          |     3 |     1 |       ||     4
  Eat: Chunk             |     6 |    10 |     6 ||    22
Armor: Robe              |    29 |       |       ||    29
       Ring mail         |     4 |    34 |       ||    38
       Scale mail        |       |    64 |     6 ||    70
Dodge: Dodged            |    78 |    85 |     4 ||   167
Block: Large shield      |       |    72 |    19 ||    91

Table legend:
 A = Spawn XP
 B = Non-spawn XP
 C = Spawn XP percentage of total XP
 D = Spawn monster count
 E = Non-spawn monster count
 F = Spawn count percentage of total count
 G = Total turns spent on level
                    A         B        C        D         E        F      G
               +---------+---------+-------+---------+---------+-------+---------
         Total |     185 |     878 |  17.4 |      23 |      89 |  20.5 |  5927
               +---------+---------+-------+---------+---------+-------+---------
           D:1 |      21 |      36 |  36.8 |      10 |      24 |  29.4 |  1983
           D:2 |       8 |      50 |  13.8 |       4 |      19 |  17.4 |  1158
           D:3 |      10 |     289 |   3.3 |       6 |      25 |  19.4 |  1089
           D:4 |      14 |     240 |   5.5 |       2 |      16 |  11.1 |  1194
           D:5 |     132 |     263 |  33.4 |       1 |       5 |  16.7 |   303
               +---------+---------+-------+---------+---------+-------+---------

Vault maps used:
D:1:      dpeg_arrival_renting, st_stairs_7, minmay_bisected
D:2:      chequers_ecumenical_altar_island
D:3:      serial_undead, serial_undead_d, serial_undead_e, serial_undead_b,
          serial_undead_f, serial_undead_e, serial_undead_c
D:4:      chequers_temple_overflow_statue_of_worship,
          minmay_temple_entry_statues, first_bread
D:5:      nicolae_gozag_seed_capital, uniq_menkaure
Temple:   dpeg_five_rooms_temple
